 Dungeon Sprint DCSS version 0.30.0-15-g856e2d3f33 (webtiles) character file.

Game seed: 4186106526342995419

3 fozzywoppz the Sneak (level 1, 0/13 HPs)
             Began as a Spriggan Enchanter on May 18, 2023.
             Slain by a phantom (6 damage)
             ... in the Dungeon (Sprint III: "The Ten Rune Challenge").
             The game lasted 00:00:49 (61 turns).

fozzywoppz the Sneak (Spriggan Enchanter)             Turns: 61, Time: 00:00:49

Health: 0/13       AC:  2    Str:  4    XL:     1   Next: 41%
Magic:  5/5        EV: 17    Int: 16    God:
Gold:   8          SH:  0    Dex: 15    Spells: 6/6 levels left

rFire   . . .        a - +1 dagger
rCold   . . .        (no shield)
rNeg    . . .        b - +0 robe
rPois   .            (helmet restricted)
rElec   .            (no cloak)
rCorr   .            (gloves unavailable)
SInv    +            (boots unavailable)
Will    .....        (no amulet) Stlth
                     (no ring)
HPRegen 0.22/turn    (no ring)
MPRegen 0.09/turn

%: no teleportation
@: berserking, very quick
A: very small, no large weapons, unfitting armour, see invisible, speed 3
a: no special abilities


You were in the Dungeon.
You visited 1 branch You collected 8 gold pieces.

Inventory:

Hand Weapons
 a - a +1 dagger (weapon)
Armour
 b - a +0 robe (worn)
Scrolls
 i - a scroll of blinking
Potions
 c - 2 potions of invisibility
 d - a potion of curing
 e - a potion of heal wounds
 f - a potion of haste
 g - 2 potions of magic


   Skills:
 - Level 1.1 Short Blades
 + Level 3.3 Dodging
 + Level 5.0 Stealth
 + Level 3.2 Spellcasting
 + Level 4.0 Hexes


You had 6 spell levels left.
You didn't know any spells.
Your spell library contained the following spells:

 Spells                   Type           Power      Damage    Failure   Level
 Confusing Touch          Hex            15%        N/A       11%         3
 Tukima's Dance           Hex            15%        N/A       11%         3
 Ensorcelled Hibernation  Hex/Ice        18%        N/A       12%         2
 Dazzling Flash           Conj/Hex       18%        N/A       24%         3
 Ozocubu's Armour         Ice            2%         N/A       50%         3
 Metabolic Englaciation   Hex/Ice        4%         N/A       91%         5
 Simulacrum               Ice/Necr       1%         N/A       100%        6


Dungeon Overview and Level Annotations

Branches:
Dungeon (1/1)

Altars:


Innate Abilities, Weirdness & Mutations

You are very small and have problems with some larger weapons.
You are too small for most types of armour.
You have supernaturally acute eyesight. (SInv)
You cover ground extremely quickly. (Speed+++)


Message History

You open the door.
A rat comes into view.
A rat comes into view.
Found a book of Winter.
There is an open door here.
The rat misses you.
You hit the rat.
You kill the rat!
Your Hexes skill increases to level 4!
The helpless rat fails to defend itself.
You impale the rat!!
You kill the rat!
Your Stealth skill increases to level 5!
You see here a rat corpse.
You pick up a book of Winter and begin reading...
You add the spells Ozocubu's Armour, Metabolic Englaciation and Simulacrum to your library.
You see here a rat corpse.
You open the door.
There is an open door here.
A phantom comes into view.
A red film seems to cover your vision as you go berserk!
You feel yourself moving faster!
You feel mighty!
You hit the phantom.
The phantom is severely damaged.
You hit the phantom but do no damage.
The phantom is severely damaged.
The phantom barely misses you.
You closely miss the phantom.
The phantom is severely damaged.
The phantom closely misses you.
You closely miss the phantom.
The phantom is severely damaged.
You barely miss the phantom.
The phantom is severely damaged.
The phantom hits you!
Ouch! That really hurt!
You barely miss the phantom.
The phantom is severely damaged.
The phantom hits you.
You die...

▓.....#....~.♣♣
▓.....#...~~...
▓.....#W.~~~~♣.
▓####'#..~≈≈~~~
▓....†#.~~≈~~~.
▓.†...#.~≈~~~..
▓.....#.~~~....
▓'#####........
▓...@W.........
▓▓▓▓▓▓▓▓▓▓▓▓▓▓▓


You could see a phantom.

Vanquished Creatures
  An endoplasm (D)
  3 rats (D)
4 creatures vanquished.

Notes
Turn   | Place    | Note
-------+----------+-------------------------------------------
     0 | D        | fozzywoppz the Spriggan Enchanter began the quest for the
                  | Orb.
     0 | D        | Reached XP level 1. HP: 9/9 MP: 5/5
    24 | D        | Reached skill level 5 in Stealth
    61 | D        | Slain by a phantom

Illustrated notes

Levels and vault maps discovered:
D:        dungeon_sprint_mu [sprint_mu_entry_forest, sprint_mu_temple_rooms,
          sprint_mu_d1_horrors, sprint_mu_d2_genie, sprint_mu_d3_branching,
          sprint_mu_orc_legion, sprint_mu_elf_gauntlet, sprint_mu_hive_nellie,
          sprint_mu_lair_fedhas, sprint_mu_vaults_butterflies,
          sprint_mu_slime_circle, sprint_mu_swamp_cave, sprint_mu_snake_twists,
          sprint_mu_blade_basic, sprint_mu_crypt_lich, sprint_mu_tomb_spiral,
          sprint_mu_vestibule_basic, sprint_mu_gehenna_hellfire,
          sprint_mu_dis_giant, sprint_mu_tartarus_statrot,
          sprint_mu_cocytus_islands, sprint_mu_zot1]

Skill      XL: |  1 |
---------------+----+-----
Dodging        | 3 |  3.3
Spellcasting   | 3 |  3.2
Hexes          | 4 |  4.0
Stealth        | 5 |  5.0
Short Blades   | |  1.1

Action                     || total
---------------------------++-------
  Melee: Dagger            ||    14
    Use: Potion            ||     1
   Stab: Sleeping          ||     1
 Armour: Robe              ||     1
  Dodge: Dodged            ||     7
